| TOP OF THE 1ST |
|
Madison Brewers batting - Pitching for Palm Beach Nationals : RHP Jessie Fisher
|
|
Pitching: RHP Jessie Fisher
|
|
|
Batting: LHB Tony Hasbun
|
0-0: SINGLE (Line Drive, 56D, EV 97.5 MPH)
|
|
Batting: LHB Jesus Huante
|
Balk! Tony Hasbun to second 0-0: Ball 1-0: Called Strike 1-1: Foul Ball, location: 2F 1-2: Ball 2-2: Ball 3-2: Ground out 6-3 (Groundball, 6M, EV 90.6 MPH) Tony Hasbun to third
|
|
Batting: RHB Steve Errico
|
0-0: Ball 1-0: Foul Ball, location: 2F 1-1: DOUBLE (Flyball, 8RD, EV 86.2 MPH) Tony Hasbun scores
|
|
Batting: SHB Justin Hensley
|
0-0: Ball 1-0: Ball 2-0: Ball 3-0: Called Strike 3-1: Base on Balls
|
|
Batting: LHB John Fortin
|
0-0: Ball 1-0: Called Strike 1-1: Ball 2-1: Ball 3-1: Base on Balls Steve Errico to third Justin Hensley to second
|
|
Batting: RHB Manny Olave
|
0-0: Ball 1-0: Ball 2-0: Called Strike 2-1: Ball 3-1: Fly out, F8 (Flyball, 78D, EV 94.4 MPH) Runner from 3rd tags up, OUT at HOME! 8-2
|
| Top of the 1st over - 1 run, 2 hits, 0 errors, 2 left on base; Madison 1 - Palm Beach 0 |
| BOTTOM OF THE 1ST |
|
Palm Beach Nationals batting - Pitching for Madison Brewers : LHP Dusty Bryant
|
|
Pitching: LHP Dusty Bryant
|
|
|
Batting: RHB Taffounnout Kame
|
0-0: Ball 1-0: Ball 2-0: Swinging Strike 2-1: SOLO HOME RUN (Flyball, 78XD, EV 110.0 MPH), Distance : 439 ft
|
|
Batting: LHB Chris Williams
|
0-0: Ball 1-0: Ball 2-0: Called Strike 2-1: Ball 3-1: Base on Balls
|
|
Batting: RHB Er Le
|
0-0: Called Strike Chris Williams steals 2nd base (no throw) 0-1: Swinging Strike 0-2: Foul Ball, location: 2F 0-2: Fly out, F9 (Line Drive, 9S, EV 100.6 MPH)
|
|
Batting: LHB Vince McLane
|
0-0: Fly out, F8 (Flyball, 8RS, EV 86.2 MPH)
|
|
Batting: RHB Jelexiz Cuenca
|
0-0: 2-RUN HOME RUN (Flyball, 7LD, EV 96.9 MPH), Distance : 376 ft
|
|
Batting: RHB Vasag Semerjian
|
0-0: Ball 1-0: Ground out 4-3 (Groundball, 4S, EV 84.4 MPH)
|
| Bottom of the 1st over - 3 runs, 2 hits, 0 errors, 0 left on base; Madison 1 - Palm Beach 3 |
| TOP OF THE 2ND |
|
Madison Brewers batting - Pitching for Palm Beach Nationals : RHP Jessie Fisher
|
|
Batting: RHB Xiao-shuang Au
|
0-0: Called Strike 0-1: Called Strike 0-2: SINGLE (Groundball, 6D, EV 95.0 MPH)
|
|
Batting: RHB Lorenzo Diaz
|
0-0: Ball 1-0: Ball 2-0: Ball 3-0: Called Strike 3-1: Called Strike Xiao-shuang Au steals 2nd base 3-2: Foul Ball, location: 2F 3-2: Foul Ball, location: 2F 3-2: Fly out, F8 (Flyball, 89M, EV 85.0 MPH)
|
|
Batting: RHB Malcolm McCauley
|
0-0: Ball 1-0: Ball 2-0: Ground out 4-3 (Groundball, 4M, EV 88.1 MPH) Xiao-shuang Au to third
|
|
Batting: LHB Tony Hasbun
|
0-0: Ball 1-0: Foul Ball, location: 2F 1-1: Ball 2-1: Fly out, F7 (Flyball, 78D, EV 100.6 MPH)
|
| Top of the 2nd over - 0 runs, 1 hit, 0 errors, 1 left on base; Madison 1 - Palm Beach 3 |
| BOTTOM OF THE 2ND |
|
Palm Beach Nationals batting - Pitching for Madison Brewers : LHP Dusty Bryant
|
|
Batting: SHB John Husson
|
0-0: Ball 1-0: Swinging Strike 1-1: Called Strike 1-2: Ball 2-2: Strikes out swinging
|
|
Batting: RHB Kenny Ball
|
0-0: Fly out, F9 (Flyball, 89S, EV 92.5 MPH)
|
|
Batting: RHB Joe Simmelink
|
0-0: Ball 1-0: Swinging Strike 1-1: Swinging Strike 1-2: Strikes out swinging
|
| Bottom of the 2nd over - 0 runs, 0 hits, 0 errors, 0 left on base; Madison 1 - Palm Beach 3 |
| TOP OF THE 3RD |
|
Madison Brewers batting - Pitching for Palm Beach Nationals : RHP Jessie Fisher
|
|
Batting: LHB Jesus Huante
|
0-0: Called Strike 0-1: Ball 1-1: Ball 2-1: Ball 3-1: Base on Balls
|
|
Batting: RHB Steve Errico
|
Balk! Jesus Huante to second 0-0: Ball Wild Pitch! Jesus Huante to third 1-0: Foul Ball, location: 2F 1-1: Foul Ball, location: 2F 1-2: Ball 2-2: Ball 3-2: Base on Balls
|
|
Batting: SHB Justin Hensley
|
0-0: Swinging Strike 0-1: Ball 1-1: Ball 2-1: Called Strike 2-2: Foul Ball, location: 2F 2-2: Foul Ball, location: 2F 2-2: Strikes out swinging
|
|
Pitching: RHP Mike Hamilton
|
|
|
Batting: LHB John Fortin
|
0-0: Ball Steve Errico steals 2nd base 1-0: Called Strike 1-1: Fly out, F7 (Flyball, 7, EV 92.5 MPH) Runner from 3rd tags up, SCORES, throw by LF
|
|
Batting: RHB Manny Olave
|
0-0: Called Strike 0-1: Ball 1-1: Swinging Strike 1-2: Foul Ball, location: 2F 1-2: Ball 2-2: Reached on error, E6 (Popup, 6S, EV 80.0 MPH) Steve Errico to third
|
|
Batting: RHB Xiao-shuang Au
|
0-0: Called Strike Manny Olave steals 2nd, throwing error, E2 Steve Errico scores Manny Olave to third 0-1: Called Strike 0-2: Ball 1-2: SINGLE (Groundball, 56D, EV 106.2 MPH) Manny Olave scores
|
|
Batting: RHB Lorenzo Diaz
|
0-0: Ball 1-0: Called Strike 1-1: Ball 2-1: Fly out, F4 (Popup, 23, EV 88.8 MPH)
|
| Top of the 3rd over - 3 runs, 1 hit, 2 errors, 1 left on base; Madison 4 - Palm Beach 3 |
| BOTTOM OF THE 3RD |
|
Palm Beach Nationals batting - Pitching for Madison Brewers : LHP Dusty Bryant
|
|
Batting: RHB Taffounnout Kame
|
0-0: Swinging Strike 0-1: Ball 1-1: Foul Ball, location: 2F 1-2: Fly out, F3 (Popup, 34, EV 75.6 MPH)
|
|
Batting: LHB Chris Williams
|
0-0: Fly out, F4 (Popup, 4S, EV 75.6 MPH)
|
|
Batting: RHB Er Le
|
0-0: Ball 1-0: Called Strike 1-1: Ball 2-1: Swinging Strike 2-2: Ball 3-2: Strikes out swinging
|
| Bottom of the 3rd over - 0 runs, 0 hits, 0 errors, 0 left on base; Madison 4 - Palm Beach 3 |
| TOP OF THE 4TH |
|
Madison Brewers batting - Pitching for Palm Beach Nationals : RHP Mike Hamilton
|
|
Batting: RHB Malcolm McCauley
|
0-0: Ball 1-0: Fly out, F9 (Flyball, 89S, EV 86.2 MPH)
|
|
Batting: LHB Tony Hasbun
|
0-0: Ball 1-0: Called Strike 1-1: Swinging Strike 1-2: Ball 2-2: Ball 3-2: Reached on error, E3 (Groundball, 23, EV 87.5 MPH)
|
|
Batting: LHB Jesus Huante
|
0-0: Ball 1-0: Ball Tony Hasbun is caught stealing 2nd base 2-6 2-0: Fly out, F4 (Popup, 13S, EV 79.4 MPH)
|
| Top of the 4th over - 0 runs, 0 hits, 1 error, 0 left on base; Madison 4 - Palm Beach 3 |
| BOTTOM OF THE 4TH |
|
Palm Beach Nationals batting - Pitching for Madison Brewers : LHP Dusty Bryant
|
|
Batting: LHB Vince McLane
|
0-0: Ball 1-0: Called Strike 1-1: Ball 2-1: SOLO HOME RUN (Line Drive, 89XD, EV 111.2 MPH), Distance : 426 ft
|
|
Batting: RHB Jelexiz Cuenca
|
0-0: Foul Ball, location: 2F 0-1: SINGLE (Line Drive, 7S, EV 91.2 MPH)
|
|
Batting: RHB Vasag Semerjian
|
0-0: Called Strike 0-1: Ball 1-1: Ball 2-1: Fly out, F3 (Popup, 23, EV 85.6 MPH)
|
|
Batting: SHB John Husson
|
0-0: Grounds into double play, 6-4-3 (Groundball, 6, EV 86.9 MPH)
|
| Bottom of the 4th over - 1 run, 2 hits, 0 errors, 0 left on base; Madison 4 - Palm Beach 4 |
| TOP OF THE 5TH |
|
Madison Brewers batting - Pitching for Palm Beach Nationals : RHP Mike Hamilton
|
|
Batting: RHB Steve Errico
|
0-0: Ball 1-0: Ball 2-0: Called Strike 2-1: Ground out 6-3 (Groundball, 6, EV 81.9 MPH)
|
|
Batting: SHB Justin Hensley
|
0-0: Ball 1-0: SOLO HOME RUN (Flyball, 9D, EV 97.5 MPH), Distance : 379 ft
|
|
Batting: LHB John Fortin
|
0-0: Ball 1-0: Ball 2-0: Swinging Strike 2-1: Called Strike 2-2: Foul Ball, location: 2F 2-2: Ground out 5-3 (Groundball, 56, EV 86.2 MPH)
|
|
Batting: RHB Manny Olave
|
0-0: Swinging Strike 0-1: SINGLE (Flyball, 78S, EV 88.1 MPH)
|
|
Batting: RHB Xiao-shuang Au
|
0-0: Ball 1-0: Ball Manny Olave steals 2nd base 2-0: Foul Ball, location: 2F 2-1: Called Strike 2-2: Ball 3-2: Foul Ball, location: 2F 3-2: Base on Balls
|
|
Batting: RHB Lorenzo Diaz
|
0-0: 3-RUN HOME RUN (Flyball, 7D, EV 103.8 MPH), Distance : 407 ft
|
|
Batting: RHB Malcolm McCauley
|
0-0: Called Strike 0-1: Hit by Pitch
|
|
Pinch Runner at 1st Todd Massad:
|
|
|
Batting: LHB Tony Hasbun
|
0-0: SINGLE (Groundball, 4D, EV 97.5 MPH) Todd Massad to second Runner from 2nd tries for 3rd, SAFE, throw by CF made to third
|
|
Batting: LHB Jesus Huante
|
0-0: Ball 1-0: Swinging Strike 1-1: Foul Ball, location: 2F 1-2: Ball 2-2: 3-RUN HOME RUN (Flyball, 89XD, EV 102.5 MPH), Distance : 418 ft
|
|
Pitching: RHP Steve Kunselman
|
|
|
Batting: RHB Steve Errico
|
0-0: Ball 1-0: Foul Ball, location: 2F 1-1: Ball 2-1: Foul Ball, location: 2F 2-2: Foul Ball, location: 2F 2-2: TRIPLE (Flyball, 78XD, EV 97.5 MPH)
|
|
Pinch Runner at 3rd Austin Sweetman:
|
|
|
Batting: SHB Justin Hensley
|
0-0: Called Strike 0-1: Ball 1-1: 2-RUN HOME RUN (Flyball, 9D, EV 96.2 MPH), Distance : 371 ft
|
|
Batting: LHB John Fortin
|
0-0: Called Strike 0-1: Ball 1-1: Ball 2-1: Called Strike 2-2: Foul Ball, location: 2F 2-2: Foul Ball, location: 2F 2-2: Ball 3-2: Foul Ball, location: 2F 3-2: Foul Ball, location: 2F 3-2: SINGLE (Line Drive, 7S, EV 96.9 MPH)
|
|
Batting: RHB Manny Olave
|
0-0: Ball 1-0: Ball 2-0: Called Strike 2-1: DOUBLE (Line Drive, 78XD, EV 104.4 MPH) John Fortin to third Runner from 3rd tries for Home, SAFE, throw by CF to home
|
|
Batting: RHB Xiao-shuang Au
|
0-0: Swinging Strike 0-1: Foul Ball, location: 2F 0-2: Ball 1-2: Strikes out swinging
|
| Top of the 5th over - 10 runs, 9 hits, 0 errors, 1 left on base; Madison 14 - Palm Beach 4 |
| BOTTOM OF THE 5TH |
|
Palm Beach Nationals batting - Pitching for Madison Brewers : LHP Dusty Bryant
|
|
Now at C: Austin Sweetman
|
|
|
Now in CF: Todd Massad
|
|
|
Batting: RHB Kenny Ball
|
0-0: Called Strike 0-1: Hit by Pitch
|
|
Batting: RHB Joe Simmelink
|
0-0: Foul Ball, location: 2F 0-1: Called Strike 0-2: Strikes out swinging
|
|
Batting: RHB Taffounnout Kame
|
0-0: Ball 1-0: SINGLE (Groundball, 4MD, EV 98.8 MPH) (infield hit) Kenny Ball to second
|
|
Batting: LHB Chris Williams
|
0-0: Ball 1-0: Swinging Strike 1-1: Ball 2-1: Foul Ball, location: 2F 2-2: Ball 3-2: Foul Ball, location: 2F 3-2: Fly out, F8 (Flyball, 8LD, EV 91.2 MPH)
|
|
Pitching: RHP Troy Morin
|
|
|
Batting: RHB Er Le
|
0-0: Foul Ball, location: 2F 0-1: Ball Balk! Kenny Ball to third Taffounnout Kame to second 1-1: Fly out, F9 (Flyball, 89M, EV 91.9 MPH)
|
| Bottom of the 5th over - 0 runs, 1 hit, 0 errors, 2 left on base; Madison 14 - Palm Beach 4 |
| TOP OF THE 6TH |
|
Madison Brewers batting - Pitching for Palm Beach Nationals : RHP Steve Kunselman
|
|
Batting: RHB Lorenzo Diaz
|
0-0: Foul Ball, location: 2F 0-1: Ball 1-1: Ball 2-1: Called Strike 2-2: Ball 3-2: Ground out 6-3 (Groundball, P, EV 82.5 MPH)
|
|
Batting: RHB Todd Massad
|
0-0: Swinging Strike 0-1: Ball 1-1: Swinging Strike 1-2: Foul Ball, location: 2F 1-2: Foul Ball, location: 2F 1-2: Ball 2-2: Foul Ball, location: 2F 2-2: SINGLE (Line Drive, 8LS, EV 91.2 MPH)
|
|
Batting: LHB Tony Hasbun
|
0-0: Ball 1-0: Called Strike 1-1: Fielders Choice at 2nd, 4-6 (Groundball, 4, EV 105.6 MPH)
|
|
Batting: LHB Jesus Huante
|
Balk! Tony Hasbun to second 0-0: 2-RUN HOME RUN (Flyball, 89XD, EV 105.6 MPH), Distance : 423 ft
|
|
Pitching: RHP Kiyonaga Nakamura
|
|
|
Batting: RHB Austin Sweetman
|
0-0: Ground out 6-3 (Groundball, 6, EV 101.9 MPH)
|
| Top of the 6th over - 2 runs, 2 hits, 0 errors, 0 left on base; Madison 16 - Palm Beach 4 |
| BOTTOM OF THE 6TH |
|
Palm Beach Nationals batting - Pitching for Madison Brewers : RHP Troy Morin
|
|
Batting: LHB Vince McLane
|
0-0: Ball 1-0: Ball 2-0: Ball 3-0: Base on Balls
|
|
Batting: RHB Jelexiz Cuenca
|
0-0: Ball Vince McLane steals 2nd base 1-0: Foul Ball, location: 2F 1-1: Ball 2-1: Foul Ball, location: 2F 2-2: Ball 3-2: Ground out 6-3 (Groundball, 6S, EV 90.6 MPH)
|
|
Batting: RHB Vasag Semerjian
|
0-0: Called Strike 0-1: Foul Ball, location: 2F 0-2: Ball 1-2: Ball 2-2: Ball 3-2: Foul Ball, location: 2F 3-2: Fly out, F9 (Flyball, 89M, EV 90.0 MPH)
|
|
Batting: SHB John Husson
|
0-0: Ball 1-0: Called Strike 1-1: Called Strike 1-2: Fly out, F9 (Flyball, 89S, EV 80.6 MPH)
|
| Bottom of the 6th over - 0 runs, 0 hits, 0 errors, 1 left on base; Madison 16 - Palm Beach 4 |
| TOP OF THE 7TH |
|
Madison Brewers batting - Pitching for Palm Beach Nationals : RHP Kiyonaga Nakamura
|
|
Batting: SHB Justin Hensley
|
0-0: Ground out 4-3 (Groundball, 4S, EV 67.5 MPH)
|
|
Batting: LHB John Fortin
|
0-0: Ball 1-0: Ground out U3 (Groundball, 34S, EV 86.2 MPH)
|
|
Batting: RHB Manny Olave
|
0-0: Called Strike 0-1: Fly out, F7 (Flyball, 7, EV 86.9 MPH)
|
| Top of the 7th over - 0 runs, 0 hits, 0 errors, 0 left on base; Madison 16 - Palm Beach 4 |
| BOTTOM OF THE 7TH |
|
Palm Beach Nationals batting - Pitching for Madison Brewers : RHP Troy Morin
|
|
Batting: RHB Aaron Bateman
|
0-0: Ground out U3 (Groundball, 34, EV 83.8 MPH)
|
|
Batting: RHB Joe Simmelink
|
0-0: Called Strike 0-1: Fly out, F6 (Line Drive, 6, EV 63.8 MPH)
|
|
Batting: RHB Taffounnout Kame
|
0-0: Called Strike 0-1: Ground out 5-3 (Groundball, 56S, EV 84.4 MPH)
|
| Bottom of the 7th over - 0 runs, 0 hits, 0 errors, 0 left on base; Madison 16 - Palm Beach 4 |
| TOP OF THE 8TH |
|
Madison Brewers batting - Pitching for Palm Beach Nationals : RHP Kiyonaga Nakamura
|
|
Batting: RHB Xiao-shuang Au
|
0-0: Called Strike 0-1: Foul Ball, location: 2F 0-2: Strikes out swinging
|
|
Batting: RHB Lorenzo Diaz
|
0-0: Swinging Strike 0-1: Foul Ball, location: 2F 0-2: Strikes out swinging, 2-3 out at first.
|
|
Batting: RHB Todd Massad
|
0-0: Ball 1-0: Fly out, F8 (Flyball, 8RS, EV 75.0 MPH)
|
| Top of the 8th over - 0 runs, 0 hits, 0 errors, 0 left on base; Madison 16 - Palm Beach 4 |
| BOTTOM OF THE 8TH |
|
Palm Beach Nationals batting - Pitching for Madison Brewers : RHP Troy Morin
|
|
Batting: LHB Chris Williams
|
0-0: Ball 1-0: Called Strike 1-1: Foul Ball, location: 2F 1-2: Foul Ball, location: 2F 1-2: Foul Ball, location: 2F 1-2: Ball 2-2: Ball 3-2: Foul Ball, location: 2F 3-2: Reached on error, E4 (Groundball, 4, EV 111.9 MPH)
|
|
Batting: RHB Er Le
|
0-0: Called Strike 0-1: DOUBLE (Line Drive, 9LD, EV 102.5 MPH) Chris Williams to third
|
|
Batting: LHB Vince McLane
|
0-0: Foul Ball, location: 2F 0-1: Ball 1-1: SINGLE (Line Drive, 4MD, EV 95.0 MPH) Chris Williams scores Er Le to third Runner from 3rd tries for Home, SAFE, throw by CF to home Vince McLane to second
|
|
Batting: RHB Jelexiz Cuenca
|
0-0: Ball 1-0: Called Strike 1-1: Foul Ball, location: 2F 1-2: Fly out, F8 (Flyball, 8LXD, EV 100.6 MPH) Runner from 2nd tags up, SAFE at 3rd, no throw by CF
|
|
Batting: RHB Vasag Semerjian
|
0-0: Ball 1-0: Ball 2-0: Foul Ball, location: 2F 2-1: Foul Ball, location: 2F 2-2: 2-RUN HOME RUN (Line Drive, 7D, EV 107.5 MPH), Distance : 423 ft
|
|
Batting: SHB John Husson
|
0-0: Ground out 6-3 (Groundball, 6, EV 105.6 MPH)
|
|
Batting: RHB Aaron Bateman
|
0-0: Ball 1-0: Ball 2-0: Called Strike 2-1: Foul Ball, location: 2F 2-2: Ball 3-2: Base on Balls
|
|
Batting: RHB Joe Simmelink
|
0-0: Ball 1-0: Ground out 6-3 (Groundball, 4M, EV 102.5 MPH)
|
| Bottom of the 8th over - 4 runs, 3 hits, 1 error, 1 left on base; Madison 16 - Palm Beach 8 |
| TOP OF THE 9TH |
|
Madison Brewers batting - Pitching for Palm Beach Nationals : RHP Kiyonaga Nakamura
|
|
Batting: LHB Tony Hasbun
|
0-0: Ball 1-0: Ground out 4-3 (Groundball, 4, EV 79.4 MPH)
|
|
Batting: LHB Jesus Huante
|
0-0: Ball 1-0: Ball 2-0: Foul Ball, location: 2F 2-1: Ball 3-1: Base on Balls
|
|
Batting: RHB Austin Sweetman
|
0-0: Foul Ball, location: 2F 0-1: Ball 1-1: Ball 2-1: Called Strike 2-2: Ball 3-2: Base on Balls Jesus Huante to second
|
|
Batting: SHB Justin Hensley
|
0-0: Ball 1-0: Foul Ball, location: 2F 1-1: Fly out, F8 (Flyball, 78M, EV 97.5 MPH)
|
|
Batting: LHB John Fortin
|
0-0: Foul Ball, location: 2F 0-1: Ball 1-1: Ball 2-1: Ball Wild Pitch! Jesus Huante to third Austin Sweetman to second 3-1: Base on Balls
|
|
Batting: RHB Manny Olave
|
0-0: Ball 1-0: Foul Ball, location: 2F Balk! Jesus Huante scores Austin Sweetman to third John Fortin to second 1-1: 3-RUN HOME RUN (Flyball, 78XD, EV 109.4 MPH), Distance : 445 ft
|
|
Pinch Hitting: LHB Steven Donovan
|
0-0: Ball 1-0: Ball 2-0: Ball 3-0: Base on Balls
|
|
Pitching: RHP Justin Davenport
|
|
|
Batting: RHB Lorenzo Diaz
|
0-0: Ball 1-0: Swinging Strike 1-1: 2-RUN HOME RUN (Line Drive, 7D, EV 105.6 MPH), Distance : 421 ft
|
|
Batting: RHB Todd Massad
|
0-0: Foul Ball, location: 2F 0-1: Ground out 4-3 (Groundball, 4, EV 86.2 MPH)
|
| Top of the 9th over - 6 runs, 2 hits, 0 errors, 0 left on base; Madison 22 - Palm Beach 8 |
| BOTTOM OF THE 9TH |
|
Palm Beach Nationals batting - Pitching for Madison Brewers : RHP Troy Morin
|
|
Pitching: RHP Tony Beaumond
|
|
|
Now at 3B: Mohammed bin Ubaida
|
|
|
Batting: RHB Taffounnout Kame
|
0-0: Fly out, F8 (Flyball, 8RD, EV 75.6 MPH)
|
|
Batting: LHB Chris Williams
|
0-0: Foul Ball, location: 2F 0-1: Ball 1-1: Ball 2-1: Foul Ball, location: 2F 2-2: Foul Ball, location: 2F 2-2: Ball 3-2: Foul Ball, location: 2F 3-2: Fly out, F5 (Popup, 5SF, EV 84.4 MPH)
|
|
Batting: RHB Er Le
|
0-0: Called Strike 0-1: Fly out, F8 (Line Drive, 8LM, EV 107.5 MPH)
|
| Bottom of the 9th over - 0 runs, 0 hits, 0 errors, 0 left on base; Madison 22 - Palm Beach 8 |
|